 Dungeon Crawl Stone Soup version 0.28-a0-863-g8cecda6153 (webtiles) character file.

Game seed: 497862975505836490

5 meatgazer the Skirmisher (level 1, -3/18 HPs)
             Began as a Demonspawn Abyssal Knight on Nov 17, 2021.
             Was a Follower of Lugonu.
             Killed by divine providence
             ... invoked by a smoke demon
              (8 damage)
             ... on level 1 of the Abyss.
             The game lasted 00:00:15 (91 turns).

meatgazer the Skirmisher (Demonspawn Abyssal Knight)  Turns: 91, Time: 00:00:16

Health: -3/18      AC:  3    Str: 13    XL:     1   Next: 66%
Magic:  2/2        EV: 11    Int: 11    God:    Lugonu [*.....]
Gold:   0          SH:  0    Dex: 13    Spells: 0/0 levels left

rFire   . . .      SeeInvis .   a - +1 spear
rCold   . . .      Faith    .   (no shield)
rNeg    . . .      Spirit   .   b - +0 leather armour
rPois   .          Reflect  .   (no helmet)
rElec   .          Harm     .   (no cloak)
rCorr   .          Rampage  .   (no gloves)
Will    .....                   (no boots)
Stlth   +.........              (no amulet)
HPRegen 0.00/turn               (no ring)
MPRegen 0.08/turn               (no ring)

@: sick
A: no striking features
a: Renounce Religion, Depart the Abyss


You were on level 1 of the Abyss.
You worshipped Lugonu.
Lugonu was aware of your devotion.
You visited 0 branches of the dungeon, and saw 0 of its levels.
You visited the Abyss 1 time.

Inventory:

Hand Weapons
 a - a +1 spear (weapon)
Armour
 b - a +0 leather armour (worn)


   Skills:
 + Level 3.0 Fighting
 + Level 1.7 Polearms
 + Level 2.2 Armour
 + Level 0.8 Dodging
 + Level 2.4 Invocations


You couldn't memorise any spells.
You didn't know any spells.
Your spell library contained the following spells:

 Spells                   Type           Power      Damage    Failure   Level
 Fireball                 Conj/Fire      0%         3d3       100%        5
 Iskenderun's Battlesphe  Conj           0%         2d6       100%        5
 Conjure Ball Lightning   Conj/Air       0%         3x3d6     100%        6
 Orb of Destruction       Conj           0%         N/A       100%        7


Dungeon Overview and Level Annotations

Branches:
Dungeon (0/15)

Altars:


Message History

Welcome, meatgazer the Demonspawn Abyssal Knight.
It is said that the Orb of Zot exists deep within this dungeon.
Lugonu says: Depart the Abyss and spread corruption, my servant! (use the ability menu to exit the Abyss) Press ? for a list of commands and other information.
Found a corrupted altar of Lugonu.
Found a gateway leading out of the Abyss.
You are suddenly pulled into a different region of the Abyss!
You pick up a book of the Spheres and begin reading...
You add the spells Iskenderun's Battlesphere, Fireball, Conjure Ball Lightning and Orb of Destruction to your library.
Okay, then.
An ufetubus comes into view.
An ancient zyme comes into view.
You feel yourself growing ill in the presence of the ancient zyme.
The ufetubus shouts!
The ufetubus barely misses you. The ufetubus hits you.
You barely miss the ufetubus. The ufetubus hits you. x2
You barely miss the ufetubus. The ufetubus barely misses you.
The ufetubus closely misses you.
You feel ill. The ufetubus closely misses you. x2
You hit the ufetubus.
You kill the ufetubus!
Your Armour skill increases to level 2!
The ancient zyme hits you!
* * * LOW HITPOINT WARNING * * *
The ancient zyme hits you but does no damage.
Found 21 poisoned darts.
A smoke demon comes into view.
The smoke demon roars!
A raiju comes into view.
The smoke demon gestures at you. Something smites you!
You die...

#.####.#### .. .#
##.#...#. ###.##.#
### ###.### .#..##
..#. ##..###.....# #
.# ##.......#....#.#
##.....#.#..#.#..#.##
# ####...# .#.(x..≈#
#.#.#####.#.♣≈≈#
..##.# ..#.@# ≈..#
.#. . # #..##.≈≈≈###
# . #...#..# .≈≈≈≈.#
# ## ##. 3.#≈.h....
..... ..≈.##. ≈≈≈≈
≈≈≈.# ≈≈≈≈≈ ≈#.#.
.≈≈≈≈≈ ##.##.


You could see an ancient zyme, a smoke demon and a raiju.

Vanquished Creatures
  An ufetubus (Abyss:1)
1 creature vanquished.

Notes
Turn   | Place    | Note
-------+----------+-------------------------------------------
     0 | Abyss:1  | meatgazer the Demonspawn Abyssal Knight began the quest for
                  | the Orb.
     0 | Abyss:1  | Reached XP level 1. HP: 18/18 MP: 2/2
    78 | Abyss:1  | Noticed an ancient zyme
    89 | Abyss:1  | Noticed a smoke demon
    90 | Abyss:1  | Noticed a raiju
    91 | Abyss:1  | Killed from afar by a smoke demon

Illustrated notes

Levels and vault maps discovered:
Abyss:1:  base: Temple, serial_sigils_hangedman_shear, base:
Temple

Skill      XL: |  1 |
---------------+----+-----
Armour         | 2 |  2.2
Fighting       | |  3.0
Polearms       | |  1.7
Dodging        | |  0.8
Invocations    | |  2.4

Action                   || total
-------------------------++-------
Melee: Spear             ||     3
Armor: Leather armour    ||     1
Dodge: Dodged            ||     5

Table legend: (Time is in decaauts)
 A = Elapsed time spent in this place.
 B = Non-inter-level travel time spent in this place.
 C = Inter-level travel time spent in this place.
 D = Time resting spent in this place.
 E = Time spent auto-exploring this place.
 F = Levels seen in this place.
 G = Mean time per level.
                   A        B        C        D        E       F      G
               +--------+--------+--------+--------+--------+-----+--------+
         Total |     91 |     91 |      0 |      0 |     75 |   1 |   91.0 |
         Abyss |     91 |     91 |      0 |      0 |     75 |   1 |   91.0 |
               +--------+--------+--------+--------+--------+-----+--------+

Top non-repeatable levels by time:
 Abyss:1: 91 daAuts
